 Dungeon Crawl Stone Soup version 0.29.1-1-gd02db6906a (webtiles) character file.

Game seed: 10081565598842079065

189 sentinel the Digger (level 6, -1/45 HPs)
             Began as a Meteoran Earth Elementalist on Sept 27, 2022.
             Slain by a lemure (3 damage)
             ... led by Pikel
             ... on level 5 of the Dungeon.
             The game lasted 00:02:22 (382 turns).

sentinel the Digger (Meteoran Earth Elementalist)    Turns: 382, Time: 00:02:22

Health: -1/45      AC:  2    Str: 10    XL:     6   Next: 21%
Magic:  1/12       EV: 12    Int: 18    God:
Gold:   6          SH:  0    Dex: 15    Spells: 6/12 levels left

rFire   . . .      SeeInvis .   (no weapon)
rCold   . . .      Faith    .   (no shield)
rNeg    . . .      Spirit   .   a - +0 robe
rPois   .          Reflect  .   (no helmet)
rElec   .          Harm     .   (no cloak)
rCorr   .          Rampage  .   (no gloves)
Will    .....                   (no boots)
Stlth   +.........              e - amulet of magic regeneration
HPRegen 0.15/turn               (no ring)
MPRegen 0.53/turn               (no ring)

@: lethally poisoned (-1 -> -10), glowing
A: sense surroundings 1, otherworldly, glowing, explore regen
a: no special abilities


You were on level 5 of the Dungeon.
You visited 1 branch of the dungeon, and saw 6 of its levels.

You collected 6 gold pieces.

Inventory:

Missiles
 d - 5 javelins
Armour
 a - a +0 robe (worn)
Jewellery
 e - an amulet of magic regeneration (around neck)
Wands
 I - a wand of roots (10)
 V - a wand of flame (16)
Potions
 b - a potion of magic
 c - a potion of might {unknown}
 f - a potion of heal wounds {unknown}
 g - a potion of haste {unknown}
 i - a potion of flight {unknown}
 j - a potion of mutation {unknown}


   Skills:
 - Level 2.4 Dodging
 - Level 1.4 Stealth
 * Level 3.9 Spellcasting
 * Level 2.6 Conjurations
 - Level 1.2 Transmutations
 + Level 6.1 Earth Magic


You had 6 spell levels left.
You knew the following spells:

 Your Spells              Type           Power      Damage    Failure   Level
a - Sandblast             Erth           50%        2d12      1%          1
b - Stone Arrow           Conj/Erth      38%        3d9       8%          3
c - Passwall              Tmut/Erth      13%        N/A       4%          2

Your spell library contained the following spells:

 Spells                   Type           Power      Damage    Failure   Level
 Petrify                  Tmut/Erth      16%        N/A       32%         4


Dungeon Overview and Level Annotations

Branches:
Dungeon (6/15) Zot: 3192
 Temple: D:4-7

Altars:

Shops:
D:2 =

Annotations:
D:5 Pikel


Innate Abilities, Weirdness & Mutations

You passively map a small area around you.
You are easily found by Zot.
You glow in the dark.
You regain HP and MP as you explore.


Message History

V - a wand of flame (16)
Items here: $ ( ) [.
Okay, then.
Autopickup is now off.
Autopickup is now on.
Okay, then.
A ball python comes into view.
Found a metallic clear potion.
Found a stone staircase leading down.
The blast of sand misses the ball python.
The ball python bites you but does no damage.
The ball python grabs you. The ball python constricts you.
The blast of sand misses the ball python.
The ball python closely misses you. The ball python constricts you.
The ball python closely misses you. The ball python constricts you.
The blast of sand hits the ball python!
You kill the ball python!
You can't see any susceptible monsters within range! (Use Z to cast anyway.)
Found a dagger.
j - a metallic clear potion
There is a stone staircase leading down here.
As you read the scroll labelled MAWEZA CIOHOTH, it crumbles to dust.
Magic quickly surges around you.
It was a scroll of vulnerability.
As you read the scroll labelled UCLOWN LASAI, it crumbles to dust.
You assume a fearsome visage.
Nothing appears to happen.
It was a scroll of fear.
You climb downwards.
Pikel shouts!
The lemure shouts! x3; You hear a shout!
You hear an angry hiss.
Found a bubbling golden potion, 4 poisoned darts and 10 gold pieces.
Found a stone staircase leading down.
There is a stone staircase leading up here.
Found 18 gold pieces.
A water moccasin comes into view.
There is a stone staircase leading down here.
You climb downwards.
HP restored.
The black bear growls angrily.
There is a stone staircase leading up here.
Casting: Sandblast (safe; 1% risk of failure)
Confirm with . or Enter, or press ? or * to list all spells.
Aiming: Stone Arrow (dangerous; 12% risk of failure)
Press: ? - help, Shift-Dir - straight line, f - black bear
Aim: a black bear (77% to hit)
Okay, then.
The blast of sand hits the black bear.
The black bear is moderately wounded.
The black bear completely misses you. The black bear barely misses you. x2
The blast of sand hits the black bear!
The black bear is severely wounded.
The black bear bites you. The black bear claws you. x2
The black bear bites you. The black bear barely misses you.
The black bear completely misses you.
Casting: Sandblast (safe; 1% risk of failure)
Confirm with . or Enter, or press ? or * to list all spells.
Aiming: Stone Arrow (dangerous; 12% risk of failure)
Press: ? - help, Shift-Dir - straight line, f/p - black bear
Aim: a black bear (severely wounded, 77% to hit)
The stone arrow hits the black bear!
You kill the black bear!
Your Conjurations skill increases to level 2!
Your Earth Magic skill increases to level 6!
You have reached level 6!
You feel stronger.
Found 14 gold pieces.
You see here 14 gold pieces.
Found a long lead wand and a scale mail.
Found an escape hatch in the ceiling.
Found 9 gold pieces.
I - a wand of roots (10)
There is an escape hatch in the ceiling here.
A mysterious force pulls you upwards. The hatch slams shut behind you.
Level annotation: Pikel You feel your willpower return.
Found 15 gold pieces.
You see here 15 gold pieces.
An adder comes into view.
The blast of sand hits the adder!!
You kill the adder!
You can't see any susceptible monsters within range! (Use Z to cast anyway.)
A lemure comes into view.
The lemure shouts!
You hear a shout!
You hear an angry hiss.
Found a puce potion.
Found a stone staircase leading up.
Found 12 gold pieces.
You see here a puce potion.
f - a puce potion
Found a fuming emerald potion.
The blast of sand hits the lemure but does no damage.
The blast of sand misses the lemure.
The blast of sand hits the lemure!
The lemure is heavily wounded.
The lemure hits you but does no damage. The lemure attacks as you move away!
The lemure barely misses you.
There is a stone staircase leading up here.
The blast of sand hits the lemure!
The lemure is severely wounded.
The lemure closely misses you. The lemure hits you.
The blast of sand hits the lemure.
The lemure is almost dead.
The lemure barely misses you.
The blast of sand hits the lemure but does no damage.
The lemure is almost dead.
The water moccasin hisses angrily.
The lemure closely misses you. The lemure barely misses you.
The blast of sand hits the lemure.
The lemure is almost dead.
The lemure hits you.
The blast of sand hits the lemure.
The lemure is almost dead.
The water moccasin completely misses you.
The lemure hits you! The water moccasin bites you. The lemure hits you.
Casting: Sandblast (safe; 1% risk of failure)
Confirm with . or Enter, or press ? or * to list all spells.
Aiming: Stone Arrow (dangerous; 8% risk of failure)
Press: ? - help, Shift-Dir - straight line, f - water moccasin, p - lemure
Aim: a water moccasin (48% to hit)
The stone arrow hits the water moccasin!!
The water moccasin is severely wounded.
The water moccasin closely misses you. The lemure barely misses you.
Casting: Stone Arrow (dangerous; 8% risk of failure)
Confirm with . or Enter, or press ? or * to list all spells.
Aiming: Stone Arrow (dangerous; 8% risk of failure)
Press: ? - help, Shift-Dir - straight line, f/p - water moccasin
Aim: a water moccasin (severely wounded, 48% to hit)
The stone arrow misses the water moccasin.
The water moccasin barely misses you. The lemure hits you.
The water moccasin bites you!
Casting: Stone Arrow (dangerous; 8% risk of failure)
Confirm with . or Enter, or press ? or * to list all spells.
Aiming: Stone Arrow (dangerous; 8% risk of failure)
Press: ? - help, Shift-Dir - straight line, f/p - water moccasin
Aim: a water moccasin (severely wounded, 48% to hit)
The stone arrow hits the water moccasin!
The water moccasin is almost dead.
The water moccasin bites you!
* * * LOW HITPOINT WARNING * * *
You are lethally poisoned!
The water moccasin poisons you! The lemure hits you.
* * * LOW HITPOINT WARNING * * *
HP warning!
Casting: Stone Arrow (dangerous; 8% risk of failure)
Confirm with . or Enter, or press ? or * to list all spells.
Aiming: Stone Arrow (dangerous; 8% risk of failure)
Press: ? - help, Shift-Dir - straight line, f/p - water moccasin
Aim: a water moccasin (almost dead, 48% to hit)
The stone arrow hits the water moccasin!
You kill the water moccasin!
* * * LOW HITPOINT WARNING * * *
You feel very sick. The lemure hits you.
You die...

* * * * ., , * ,# .. ,
.#* , ... $#* .....
!..., ###.# # ,..... ,
,.....##...##.# *
#..$# * #...@†....#
#...# #.##5#.####
#.(.# #......# ###...#
####.##########......
, * #............!><.#
*
#####..#####..##.##..#
, #......#####..#5.
#K5. , #.####.##...
.... ..5. *
#.##.##$5... ...#


You could see a lemure.

Vanquished Creatures
  A water moccasin (D:5)
  A black bear (D:6)
  An orc wizard (D:4)
  2 adders
  3 gnolls (D:4)
  A dart slug (D:1)
  2 orcs (D:4)
  3 endoplasms
  A goblin (D:4)
  A hobgoblin (D:1)
  3 jackals (D:4)
  A quokka (D:2)
  2 ball pythons
  2 bats
  A frilled lizard (D:1)
  2 rats
27 creatures vanquished.

Notes
Turn   | Place    | Note
-------+----------+-------------------------------------------
     0 | D:1      | sentinel the Meteoran Earth Elementalist began the quest
                  | for the Orb.
     0 | D:1      | Reached XP level 1. HP: 14/14 MP: 5/5
    81 | D:1      | Reached skill level 4 in Earth Magic
    81 | D:1      | Reached XP level 2. HP: 20/20 MP: 4/6
    93 | D:2      | Found Cucloju's Jewellery Shoppe.
   116 | D:2      | Reached XP level 3. HP: 26/26 MP: 6/8
   206 | D:2      | You fall into a shaft and drop 2 floors!
   221 | D:4      | Reached skill level 5 in Earth Magic
   224 | D:4      | Reached XP level 4. HP: 9/33 MP: 7/9
   245 | D:4      | Learned a level 2 spell: Passwall
   249 | D:4      | Learned a level 3 spell: Stone Arrow
   271 | D:4      | Reached skill level 1 in Conjurations
   271 | D:4      | Reached XP level 5. HP: 9/38 MP: 6/10
   300 | D:5      | Entered Level 5 of the Dungeon
   300 | D:5      | Noticed Pikel
   300 | D:5      | Noticed a lemure
   300 | D:5      | Noticed a lemure
   300 | D:5      | Noticed a lemure
   301 | D:5      | Noticed a water moccasin
   303 | D:6      | Noticed a black bear
   306 | D:6      | Killed a black bear
   307 | D:6      | Reached skill level 6 in Earth Magic
   307 | D:6      | Reached XP level 6. HP: 29/45 MP: 7/12
   382 | D:5      | Killed a water moccasin
   382 | D:5      | HP: 2/45 [poisoned by a water moccasin]
   382 | D:5      | Slain by a lemure

Illustrated notes

Levels and vault maps discovered:
D:1:      dpeg_arrival_shelter, layout_basic
D:2:      minmay_angry_zag, layout_rooms, serial_shops, shop,
          hellmonk_ecumenical_altar_pennies_from_heaven, serial_bayou_crossing,
          uniq_terence
D:3:      layout_rooms
D:4:      layout_loops_ring, zin_academy, nicolae_uskayaw_suspiria,
          hangedman_abyss_or_decor_slice
D:5:      layout_loops_cross, temple_green,
          hangedman_abyss_or_decor_lesser_grid, abandoned_shop, uniq_pikel
D:6:      layout_rooms

Skill      XL: |  1  2  3  4  5 |
---------------+----------------+-----
Earth Magic    | 4 5 6 |  6.1
Spellcasting   | 3 |  3.9
Conjurations   | 1 2 |  2.6
Dodging        | |  2.4
Stealth        | |  1.4
Transmutations | |  1.2

Action                   |  1- 3 |  4- 6 || total
-------------------------+-------+-------++-------
 Cast: Sandblast         |    21 |    23 ||    44
       Stone Arrow       |       |     6 ||     6
  Use: Scroll            |       |     2 ||     2
Armor: Robe              |     2 |     2 ||     4
Dodge: Dodged            |     6 |    17 ||    23
